 Dungeon Crawl Stone Soup version 0.19.0-2-gae57169 (webtiles) character file.

567 motku515 the Cudgeler (level 7, 0/94 HPs)
             Began as a Minotaur Gladiator on Nov 6, 2016.
             Slain by a killer bee (3 damage)
             ... on level 4 of the Dungeon.
             The game lasted 00:08:23 (3747 turns).

motku515 the Cudgeler (Minotaur Gladiator)          Turns: 3747, Time: 00:08:23

Health: 0/94       AC: 23    Str: 22    XL:     7   Next: 11%
Magic:  15/15      EV:  2    Int:  5    God:
Gold:   160        SH:  4    Dex: 10    Spells: 0 memorised, 6 levels left

rFire  . . .     SeeInvis +     j - +0 whip
rCold  . . .     Gourm    .     (armour currently unavailable)
rNeg   + + +     Faith    .     (no shield)
rPois  +         Spirit   .     (helmet currently unavailable)
rElec  .         Reflect  +     (cloak currently unavailable)
rCorr  .         Harm     .     (gloves currently unavailable)
MR     .....     NoTele   +     (boots currently unavailable)
Stlth  +.........               m - +4 amulet of reflection
                                o - ring of see invisible
                                x - ring of magical power

@: lethally poisoned (0 -> -1), tree-form, very slightly contaminated, invisible
A: (retaliatory headbutt), (horns 0)
a: no special abilities


You were on level 4 of the Dungeon.
You were not hungry.
You were a tree.
You visited 1 branch of the dungeon, and saw 5 of its levels.

You collected 160 gold pieces.

Inventory:

Hand Weapons
 a - a +0 flail
 j - a +0 whip (weapon)
Missiles
 d - 3 throwing nets (quivered)
Armour
 b - a +0 chain mail
 c - a +0 hat (melded)
 t - a +0 scale mail of cold resistance (melded)
 A - a +0 pair of gloves (melded)
 C - a cursed +0 pair of boots (melded)
Jewellery
 m - a +4 amulet of reflection (around neck)
 o - a ring of see invisible (right branch)
 x - a ring of magical power (left branch)
Scrolls
 e - 2 scrolls of recharging {unknown}
 h - 2 scrolls of fog {unknown}
 i - 4 scrolls of remove curse
 k - a scroll of enchant armour {unknown}
 l - 2 scrolls of magic mapping
 n - 2 scrolls of teleportation {unknown}
 r - 2 scrolls of random uselessness {unknown}
 u - 2 scrolls of fear {unknown}
 w - a scroll of immolation {unknown}
 y - 2 scrolls of enchant weapon {unknown}
 B - a scroll of blinking {unknown}
Potions
 g - a potion of mutation
 p - a potion of invisibility
 q - a potion of degeneration
Comestibles
 f - a bread ration
 s - 2 meat rations
 D - a chunk of flesh


   Skills:
 * Level 6.0 Fighting
 * Level 6.4 Maces & Flails
 - Level 2.0 Throwing
 + Level 3.4 Armour
 + Level 4.3 Dodging


You had 6 spell levels left.
You didn't know any spells.

Dungeon Overview and Level Annotations

Branches:
Dungeon (5/15)
 Temple: D:4-7

Altars:
Ashenzari
Cheibriados

Annotations:
D:3 exclusion: downstairs
D:4 Sigmund


Innate Abilities, Weirdness & Mutations

((You reflexively headbutt those who attack you in melee.))
((You have a pair of horns on your head.))


Message History

Your cursed +0 pair of boots melds into your body.
Your +0 scale mail of cold resistance melds into your body.
You feel less resistant to cold.
Your roots penetrate the ground.
You feel sick.
The killer bee stings you but does no damage.
You block the killer bee's attack.
You closely miss the killer bee.
The killer bee is almost dead.
The killer bee stings you but does no damage.
You hit the killer bee.
You kill the killer bee!
Your Fighting skill increases to level 6!
You closely miss the killer bee.
You feel sick.
The killer bee stings you but does no damage. x2
You miss the killer bee.
The killer bee stings you but does no damage.
You closely miss the killer bee.
The killer bee stings you but does no damage.
The killer bee stings you.
You die...

.####...###......###.#
........##...##...##.##
....###.....####..##..#
###.........# ##..#..#
#....###..# ##....#
#...# ##.## #>(..#
#.... #..# ##....#
..... ##.####y....#
.... ##..#.♣##...# ...
##.....###...#
##....#####..)###
.#.....####..##).#
#........##..###.##
.....####...## #.#
...## ##.## #)# ...
##.# #<# # #.####.##


You could see a killer bee.

Vanquished Creatures
  Menkaure (D:4)
  A scorpion (D:4)
  2 killer bees (D:4)
  2 orc wizards
  A hound (D:4)
  A bullfrog skeleton (D:4)
  Terence (D:2)
  4 gnolls (D:4)
  6 adders
  An ooze (D:1)
  3 worms
  2 dart slugs (D:1)
  3 leopard geckos
  4 orcs
  A ball python (D:2)
  6 bats
  5 giant cockroaches
  7 goblins
  8 hobgoblins
  2 jackals (D:2)
  8 kobolds
  4 frilled lizards
  6 rats
79 creatures vanquished.

Notes
Turn   | Place    | Note
-------+----------+-------------------------------------------
     0 | D:1      | motku515 the Minotaur Gladiator began the quest for the Orb.
     0 | D:1      | Reached XP level 1. HP: 18/18 MP: 0/0
   199 | D:1      | Reached XP level 2. HP: 22/25 MP: 1/1
   825 | D:1      | Reached XP level 3. HP: 31/31 MP: 2/2
  1195 | D:2      | Reached skill level 1 in Armour
  1225 | D:2      | Reached XP level 4. HP: 24/40 MP: 3/3
  1340 | D:2      | Noticed Terence
  1370 | D:2      | Killed Terence
  1396 | D:2      | Found a snail-covered altar of Cheibriados.
  1447 | D:2      | Reached skill level 5 in Maces & Flails
  1937 | D:3      | Reached XP level 5. HP: 34/47 MP: 4/4
  2148 | D:3      | Found a faded altar of an unknown god.
  2610 | D:4      | Noticed Menkaure
  2622 | D:4      | Killed Menkaure
  2622 | D:4      | Reached skill level 5 in Fighting
  2622 | D:4      | Reached XP level 6. HP: 22/56 MP: 5/5
  2843 | D:4      | Found a shattered altar of Ashenzari.
  2846 | D:4      | Noticed Sigmund
  3420 | D:5      | Entered Level 5 of the Dungeon
  3451 | D:4      | Reached XP level 7. HP: 42/62 MP: 6/6
  3741 | D:4      | HP: 3/62 [killer bee (8)]
  3747 | D:4      | Slain by a killer bee

Skill      XL: |  1  2  3  4  5  6  7 |
---------------+----------------------+-----
Maces & Flails | 4 5 6 |  6.4
Fighting       | 3 4 5 6 |  6.0
Armour         | 1 2 3 |  3.4
Dodging        | 4 |  4.3
Throwing       | |  2.0

Action                   |  1- 3 |  4- 6 |  7- 9 || total
-------------------------+-------+-------+-------++-------
Melee: Flail             |     8 |    11 |       ||    19
       Whip              |    74 |   162 |    15 ||   251
       Headbutt          |    10 |    28 |     1 ||    39
  Use: Scroll            |       |     7 |       ||     7
       Potion            |       |     2 |     3 ||     5
 Stab: Invisible         |       |     2 |       ||     2
  Eat: Chunk             |     1 |     5 |       ||     6
       Beef jerky        |       |     1 |       ||     1
       Meat ration       |       |       |     1 ||     1
Armor: Ring mail         |    17 |       |       ||    17
       Leather armour    |     1 |       |       ||     1
       Chain mail        |    13 |     4 |       ||    17
       Scale mail        |       |    46 |     8 ||    54
       Skin              |       |       |     6 ||     6
Dodge: Dodged            |    34 |    79 |     8 ||   121
Block: Other             |       |    15 |     7 ||    22
